 Dungeon Crawl Stone Soup version 0.19-a0-1908-g43c011f (webtiles) character file.

3903 Leibowitz the Spear-Bearer (level 9, -1/75 HPs)
             Began as a Demigod Gladiator on Oct 22, 2016.
             Slain by a hornet (4 damage)
             ... on level 8 of the Dungeon.
             The game lasted 00:23:23 (9103 turns).

Leibowitz the Spear-Bearer (Demigod Gladiator)      Turns: 9103, Time: 00:23:25

Health: -1/75      AC: 16    Str: 23 (24) XL:     9   Next: 69%
Magic:  3/3        EV:  9    Int: 12      God:
Gold:   480        SH:  0    Dex: 18      Spells: 0 memorised, 8 levels left

rFire  . . .     SeeInvis +     a - +4 trident (antimagic)
rCold  . . .     Gourm    +     k - +0 plate armour
rNeg   . . .     Faith    .     (no shield)
rPois  .         Spirit   .     s - +1 helmet
rElec  .         Reflect  .     q - +0 cloak
rCorr  .         Harm     .     (no gloves)
MR     +....                    (no boots)
Stlth  ..........               t - amulet of the gourmand
                                E - ring of protection from magic
                                y - ring of see invisible

@: lethally poisoned (-1 -> -13), very slightly contaminated, slowed, invisible,
very slow
A: deterioration 1, high mp 1, strong 1
a: no special abilities


You were on level 8 of the Dungeon.
You were very full.

You visited 1 branch of the dungeon, and saw 8 of its levels.
You also visited: Sewer.

You collected 480 gold pieces.

Inventory:

Hand Weapons
 a - a +4 antimagic trident (weapon)
 b - a +0 blowgun
 F - a +0 glaive
Missiles
 l - 37 poisoned needles
Armour
 k - a +0 plate armour (worn)
 o - a +0 robe of cold resistance
 q - a +0 cloak (worn)
 s - a +1 helmet (worn)
Jewellery
 p - an uncursed amulet of magic regeneration
 t - an amulet of the gourmand (around neck)
 u - an uncursed ring of stealth
 x - an uncursed ring of flight
 y - a ring of see invisible (left hand)
 E - a ring of protection from magic (right hand)
Wands
 n - a wand of digging (21/24)
 r - a wand of lightning (6/15)
 C - a wand of flame (38/48)
 D - a wand of confusion (24/48)
Scrolls
 c - a scroll of magic mapping {unknown}
 g - a scroll of recharging
 h - 2 scrolls of remove curse
 i - 8 scrolls of identify
 v - 2 scrolls of amnesia
 B - 2 scrolls of enchant weapon
 G - a scroll of teleportation
 I - a scroll of blinking
Potions
 e - 4 potions of flight
 j - 2 potions of agility
 w - a potion of heal wounds
 A - 2 potions of cure mutation
Books
 J - a book of Geomancy

   Spells                             Type                      Level
   a - Sandblast                      Earth                        1
   b - Passwall                       Transmutation/Earth          2
   c - Stone Arrow                    Conjuration/Earth            3
   d - Petrify                        Transmutation/Earth          4
   e - Lee's Rapid Deconstruction     Earth                        5
Comestibles
 f - 6 bread rations
 m - 9 meat rations


   Skills:
 + Level 6.0 Fighting
 + Level 9.5 Polearms
 + Level 4.2 Throwing
 + Level 5.5 Armour
 + Level 3.9 Dodging
 + Level 1.3 Stealth


You had 8 spell levels left.
You didn't know any spells.

Dungeon Overview and Level Annotations

Branches:
Dungeon (8/15)             Temple (0/1) D:4
   Lair: D:8-11

Shops:
D:5 *


Innate Abilities, Weirdness & Mutations

You have an increased reservoir of magic. (+10% MP)
Your body sometimes deteriorates upon taking damage.
Your muscles are strong. (Str +2)


Message History

You catch the helpless hornet completely off-guard!
You hit the hornet.
The hornet is lightly wounded.
You feel sick. The hornet stings you!
* * * LOW HITPOINT WARNING * * *
You feel as though you will be slow longer.
The hornet barely misses you.
You miss the hornet.
The hornet is lightly wounded.
* * * LOW HITPOINT WARNING * * *
You feel sick. The hornet barely misses you.
The hornet stings you but does no damage.
You puncture the hornet!
The hornet is severely wounded.
* * * LOW HITPOINT WARNING * * *
You feel sick. The hornet stings you!
* * * LOW HITPOINT WARNING * * *
You feel as though you will be slow longer.
The hornet stings you.
You die...

########### #........##
#........## .. .. #........## ...
.. #........## #..##.###
#####........## ....#..#(#
##...#........## . .....
#y#.#...#........## .. ...
#@##...#.......... #........
#.###.##...........###
#..y.....##....(................
............................####
...............................
...W..(.#.#.##..[.)........####
#..##..##.#.##.#####..#......##
##.........#.##.#...#......##.#.
##.....######.)).#.#.#.###..##...


You could see a hornet.

Vanquished Creatures
  A hornet (D:8)
  A slime creature (D:8)
  3 hippogriffs
  A wyvern (D:8)
  A hungry ghost (D:8)
  A soldier ant (D:8)
  Duvessa (D:7)
  Purgy (Sewer)
  A sky beast (D:5)
  A phantom (D:6)
  An ogre (D:8)
  A big kobold (D:8)
  Blork the orc (D:4)
  5 bullfrogs
  A water moccasin zombie (D:5)
  Dowan (D:7)
  5 scorpions
  3 killer bees
  2 crimson imps
  A bullfrog zombie (D:8)
  An orc priest (D:4)
  3 hounds
  A jelly (D:8)
  Crazy Yiuf (D:2)
  A bullfrog skeleton (D:7)
  A gnoll shaman (D:8)
  Jessica (D:2)
  A centaur skeleton (D:6)
  3 iguanas
  3 orc wizards
  9 worker ants
  2 hound zombies
  A hound skeleton (D:8)
  Robin (D:2)
  12 gnolls
  A howler monkey skeleton (D:4)
  15 adders
  2 shadow imps (D:6)
  An ooze (D:1)
  2 worms
  4 leopard geckos
  17 orcs
  3 ball pythons
  4 bats
  8 giant cockroaches
  7 goblins
  14 hobgoblins
  3 jackals (D:3)
  15 kobolds
  7 quokkas
  6 frilled lizards
  7 rats
190 creatures vanquished.

Notes
Turn   | Place    | Note
-------+----------+-------------------------------------------
     0 | D:1      | Leibowitz the Demigod Gladiator began the quest for the Orb.
     0 | D:1      | Reached XP level 1. HP: 17/17 MP: 3/3
   264 | D:1      | Reached XP level 2. HP: 23/24 MP: 4/4
   373 | D:1      | Reached skill level 3 in Polearms
   641 | D:2      | Noticed Jessica
   646 | D:2      | Killed Jessica
   646 | D:2      | Reached XP level 3. HP: 16/29 MP: 5/5
   798 | D:2      | Found a radiant altar of Vehumet.
   827 | D:2      | Noticed Robin
  1250 | D:2      | Found a runed door.
  1254 | D:2      | Noticed Crazy Yiuf
  1260 | D:2      | Killed Crazy Yiuf
  1260 | D:2      | Reached XP level 4. HP: 36/36 MP: 6/6
  1348 | D:2      | Killed Robin
  1657 | D:2      | Reached skill level 4 in Polearms
  2492 | D:3      | Reached XP level 5. HP: 29/42 MP: 7/7
  2999 | D:3      | Found a basalt altar of Yredelemnul.
  2999 | D:3      | Found an iron altar of Okawaru.
  2999 | D:3      | Found a sparkling altar of Nemelex Xobeh.
  3491 | D:4      | Noticed Blork the orc
  3498 | D:4      | Killed Blork the orc
  3498 | D:4      | Reached skill level 1 in Armour
  3559 | D:4      | Found a blossoming altar of Fedhas.
  3569 | D:4      | Found a stormy altar of Qazlal.
  3607 | D:4      | Reached XP level 6. HP: 51/51 MP: 4/8
  3687 | D:4      | Reached skill level 5 in Polearms
  3964 | D:4      | Noticed a hippogriff
  3983 | D:4      | Killed a hippogriff
  3999 | D:4      | Reached XP level 7. HP: 28/57 MP: 3/9
  4401 | D:4      | Found a staircase to the Ecumenical Temple.
  4480 | D:4      | Found a snail-covered altar of Cheibriados.
  4618 | D:5      | Entered Level 5 of the Dungeon
  4891 | D:5      | Found Gozag's Platinum Reserve.
  5001 | D:5      | Reached skill level 6 in Polearms
  5326 | D:5      | Found an opulent altar of Gozag.
  5364 | D:6      | Found a stormy altar of Qazlal.
  5540 | D:6      | Found a radiant altar of Vehumet.
  5552 | D:6      | Reached XP level 8. HP: 60/66 MP: 3/10
  5584 | D:6      | Found a glowing drain.
  5728 | Sewer    | Entered a sewer
  5740 | Sewer    | Noticed Purgy
  5763 | Sewer    | Killed Purgy
  6068 | D:6      | Reached skill level 7 in Polearms
  6403 | D:7      | Noticed Duvessa
  6417 | D:7      | Gained mutation: Your body sometimes deteriorates upon taking damage. [potion of mutation]
  6417 | D:7      | Gained mutation: Your muscles are strong. (Str +2) [potion of mutation]
  6436 | D:7      | Killed Duvessa
  6464 | D:7      | Noticed Dowan
  6477 | D:7      | Killed Dowan
  6799 | D:7      | Found a shimmering altar of Xom.
  7436 | D:7      | Reached skill level 8 in Polearms
  7436 | D:7      | Reached skill level 1 in Stealth
  7826 | D:8      | Found a stormy altar of Qazlal.
  7888 | D:8      | Found a glowing silver altar of Zin.
  7956 | D:8      | Reached XP level 9. HP: 67/73 MP: 3/11
  7967 | D:8      | Reached skill level 5 in Fighting
  8370 | D:8      | Reached skill level 9 in Polearms
  8375 | D:8      | Reached skill level 5 in Armour
  8852 | D:8      | Paralysed by a hornet for 2 turns
  9081 | D:8      | Paralysed by a hornet for 2 turns
  9088 | D:8      | Paralysed by a hornet for 2 turns
  9103 | D:8      | HP: 3/75 [hornet (8)]
  9103 | D:8      | Slain by a hornet

Vault maps used:
D:1:      minmay_arrival_hallway
D:2:      vehumet_crystals, uniq_jessica, uniq_crazy_yiuf_cottage, uniq_robin
D:3:      gammafunk_temple_overflow_claw, first_bread
D:4:      wad_river_or_something, grunt_temple_overflow_forces_of_nature,
          cheibriados_altar_1, uniq_blork_the_orc
D:5:      nicolae_gozag_zags_fifth_avenue
D:6:      basic_altar, gup_sewer_entry_glass, vehumet_altar_wand_db
D:7:      basic_altar, uniq_duvessa
D:8:      minmay_distorted_concentric_squares, zin_academy,
          hangedman_pestilent_swarm, st_stairs_5, grunt_qazlal_sundering
Sewer:    kennysheep_door_sewer

Skill      XL: |  1  2  3  4  5  6  7  8  9 |
---------------+----------------------------+-----
Dodging        | 3 |  3.9
Throwing       | 2 3 4 |  4.2
Polearms       | 3 4 5 6 8 9 |  9.5
Fighting       | 2 3 4 6 |  6.0
Armour         | 1 2 3 4 5 |  5.5
Stealth        | 1 |  1.3

Action                   |  1- 3 |  4- 6 |  7- 9 || total
-------------------------+-------+-------+-------++-------
Melee: Trident           |    70 |   218 |   415 ||   703
       Glaive            |       |       |    61 ||    61
 Fire: Blowgun           |       |    12 |    43 ||    55
Throw: Throwing net      |     1 |     1 |     3 ||     5
  Use: Potion            |     3 |       |    13 ||    16
       Scroll            |     2 |       |     6 ||     8
 Stab: Held in net/web   |     1 |       |     1 ||     2
       Invisible         |       |       |     1 ||     1
  Eat: Chunk             |     1 |     8 |    34 ||    43
       Royal jelly       |       |       |     1 ||     1
Armor: Plate armour      |    12 |   131 |   334 ||   477
       Leather armour    |     2 |       |       ||     2
       Robe              |     4 |    15 |       ||    19
Dodge: Dodged            |    45 |   138 |   202 ||   385
